AoeStats
← tomischmidd

Arabia

506040068Analyzed
2v2 RM · 19d ago on Sep 12, 2026· 14m 33s· 4 players
Game mode
Random Map
Map size
Medium (4 player)
Population
200
Speed
Normal
Resources
Standard
Victory
Conquest
Starting age
Dark Age
Ending age
Imperial Age
RankedLock teamsTeams togetherTeam positionsShared explorationLock speedFull tech treeHidden civsTurbo modeCheats
Victory
Defeat
🇨🇱 Mongols · Chile
619
+13
560
+13
🇦🇷 Huns · Argentina
504
-12
🇦🇷 Vietnamese · Argentina
502
-12
Vikingo7256
0:33 Loom
11:03 Feudal Age
11:38 Town Watch
12:31 Wheelbarrow
12:51 Double-Bit Axe
12:48 Horse Collar
tomischmidd
9:32 Loom
13:04 Feudal Age
Roberto Manfinfla
9:50 Feudal Age
11:39 Wheelbarrow
11:28 Double-Bit Axe
TESTOSTERONA > 2000 ng/dL
10:05 Feudal Age
Connection lost

Rejoining the realm…

Still unreachable

The connection could not be restored.

Session expired

The server has moved on; the page needs a fresh start.